 Dungeon Crawl Stone Soup version 0.23.2 (webtiles) character file.

Game seed: 5900202218323433506

2651 Gargoyl the Chopper (level 9, -8/81 HPs)
             Began as a Centaur Abyssal Knight on Apr 2, 2019.
             Was an Elder of Lugonu.
             Mangled by a two-headed ogre
             ... wielding a +0 giant club
              (25 damage)
             ... on level 7 of the Dungeon.
             The game lasted 00:14:59 (9864 turns).

Gargoyl the Chopper (Centaur Abyssal Knight)        Turns: 9864, Time: 00:14:59

Health: -8/81      AC: 15    Str: 16    XL:     9   Next: 36%
Magic:  13/13      EV: 10    Int: 11    God:    Lugonu [****..]
Gold:   458        SH:  7    Dex: 11    Spells: 8/8 levels left

rFire    + + .     SeeInvis .   s - +4 hand axe (chop)
rCold    . . .     Gourm    .   p - +3 buckler
rNeg     . . .     Faith    .   e - +0 scale mail
rPois    .         Spirit   .   (helmet restricted)
rElec    .         Reflect  .   (no cloak)
rCorr    .         Harm     .   i - +2 pair of gloves
MR       .....                  C - +0 centaur barding
Stlth    ..........             (no amulet)
HPRegen  0.23/turn              m - ring of protection from fire
MPRegen  0.13/turn              t - +4 ring of evasion

@: very quick
A: large, hooves 3, horns 1, deformed body, fire resistance 1, speed 2, robust
1, tough skin 3
a: Depart the Abyss, Bend Space, Banish, Corrupt, Renounce Religion


You were on level 7 of the Dungeon.
You worshipped Lugonu.
Lugonu was greatly pleased with you.
You were very hungry.

You visited 1 branch of the dungeon, and saw 8 of its levels.
You visited the Abyss 1 time.
You also visited: Ossuary.

You collected 458 gold pieces.

Inventory:

Hand Weapons
 a - a +1 hand axe
 s - a +4 hand axe of chopping (weapon)
Armour
 e - a +0 scale mail (worn)
 i - a +2 pair of gloves (worn)
 p - a +3 buckler (worn)
 C - a +0 centaur barding (worn)
Jewellery
 d - an uncursed ring of flight
 m - a ring of protection from fire (left hand)
 t - a +4 ring of evasion (right hand)
Wands
 u - a wand of random effects (13)
 y - a wand of flame (16)
 A - a wand of acid (8)
 D - a wand of paralysis (6)
Scrolls
 b - 5 scrolls of remove curse
 g - a scroll of blinking
 j - 3 scrolls of teleportation
 k - 3 scrolls of identify
 l - 2 scrolls of amnesia
 o - 5 scrolls of fear
 x - 4 scrolls of magic mapping
Potions
 f - 2 potions of brilliance
 h - a potion of flight
 n - 8 potions of curing
 r - a potion of cancellation
 v - a potion of agility
 w - a potion of mutation
 z - a potion of invisibility
 E - a potion of haste
Comestibles
 c - 22 rations


   Skills:
 + Level 5.1 Fighting
 + Level 6.4 Axes
 * Level 5.1 Armour
 + Level 1.9 Dodging
 * Level 3.7 Shields
 * Level 5.4 Invocations
 + Level 0.5 Evocations


You had 8 spell levels left.
You didn't know any spells.
Your spell library contained the following spells:

 Spells                   Type           Power        Failure   Level  Hunger
 Beastly Appendage        Tmut           #.....       75%         1    ##.....
 Sticks to Snakes         Tmut           #.......     87%         2    ###....
 Spider Form              Tmut/Pois      #.........   98%         3    ####...
 Ice Form                 Ice/Tmut       #.......     100%        4    #####..
 Blade Hands              Tmut           #.........   100%        5    ######.


Dungeon Overview and Level Annotations

Branches:
Dungeon (8/15)             Temple (0/1) D:6
   Lair: D:8-11

Altars:
Fedhas
Qazlal
Ru
Vehumet
Yredelemnul

Shops:
D:7 (

Annotations:
D:5 1 transporter, brittlin's ghost, novice HaWr


Innate Abilities, Weirdness & Mutations

You have hooves in place of feet.
Armour fits poorly on your strangely shaped body.
You cover ground very quickly.
You have extremely tough skin. (AC +3)
You have a pair of small horns on your head.
Your flesh is heat resistant. (rF+)
You are robust. (+10% HP)


Message History

Aim: a two-headed ogre, wielding two +0 giant clubs (almost dead)
You throw a tomahawk of returning.
The tomahawk of returning hits the two-headed ogre.
The two-headed ogre is almost dead.
The tomahawk of returning fails to return to your pack!
Throwing (i - inventory)
q - 2 tomahawks of returning (quivered)
Press: ? - help, Shift-Dir - straight line, f/p - two-headed ogre
Aim: a two-headed ogre, wielding two +0 giant clubs (almost dead)
You throw a tomahawk of returning.
The tomahawk of returning hits the two-headed ogre but does no damage.
The two-headed ogre is almost dead.
The tomahawk of returning fails to return to your pack!
Throwing (i - inventory)
q - a tomahawk of returning (quivered)
Press: ? - help, Shift-Dir - straight line, f/p - two-headed ogre
Aim: a two-headed ogre, wielding two +0 giant clubs (almost dead)
You throw a tomahawk of returning.
The tomahawk of returning barely misses the two-headed ogre.
The tomahawk of returning fails to return to your pack!
The two-headed ogre hits you with a +0 giant club!!
You die...

#..........# #...........#
#..........# #...........#
#..........### #...........#
########.....# ######.######
######.....# #.# ### #...##.....#
#.# #..
####...##.....########.#######..
#>................(.............
#...(..[(...(.O@................
#####...#......########.#.######.
#...........#### #.#.# ##
#...........# #.#.#######
#...........# #.#.##.....
#...........# #.#.##.####
.!..........# #.#.##.#...
.########.### #.#.##.#.## .# #.#
#.#.##.#.#


You could see a two-headed ogre.

Vanquished Creatures
  The ghost of Tutankhamun the Covered, an amateur BaFi (D:3)
  Duvessa (D:4)
  2 ice beasts
  A necrophage (D:5)
  A phantom (D:6)
  A hornet zombie (Ossuary)
  3 ogres
  A centaur (D:6)
  3 bullfrogs
  Dowan (D:4)
  A scorpion (D:5)
  A howler monkey (D:6)
  2 centaur zombies (Ossuary)
  2 crimson imps
  2 jellies
  A gnoll shaman (D:5)
  4 bullfrog zombies
  2 orc priests (D:3)
  A hound (D:7)
  4 orc wizards
  An iguana (D:6)
  A worker ant (D:7)
  4 killer bee zombies (Ossuary)
  2 hound zombies (Ossuary)
  16 mummies (Ossuary)
  4 worker ant zombies (Ossuary)
  7 gnolls
  10 adders
  3 adder zombies (Ossuary)
  An ooze (D:7)
  2 worms (D:3)
  2 dart slugs
  2 leopard geckos
  21 orcs
  6 bats
  3 giant cockroaches
  7 goblins
  6 hobgoblins
  9 jackals
  4 quokkas
  5 frilled lizards
  A jackal zombie (Ossuary)
  12 kobolds
  A leopard gecko skeleton (D:7)
  2 leopard gecko zombies
  6 rats
173 creatures vanquished.

Vanquished Creatures (others)
  6 plants (D:5)
  3 withered plants (Ossuary)
9 creatures vanquished.

Grand Total: 182 creatures vanquished

Notes
Turn   | Place    | Note
-------+----------+-------------------------------------------
     0 | Abyss:1  | Gargoyl the Centaur Abyssal Knight began the quest for the
                  | Orb.
     0 | Abyss:1  | Reached XP level 1. HP: 19/19 MP: 2/2
    53 | Abyss:1  | Noticed a chaos spawn
    53 | Abyss:1  | Noticed a wretched star
    57 | Abyss:1  | Noticed a hippogriff
    85 | Abyss:3  | Noticed a draconian
    85 | Abyss:3  | Noticed a yellow draconian knight
    86 | D:1      | Escaped the Abyss
   300 | D:1      | Reached XP level 2. HP: 25/26 MP: 3/3
   362 | D:1      | Reached * piety under Lugonu
  1191 | D:2      | Reached skill level 2 in Axes
  1191 | D:2      | Reached skill level 1 in Shields
  1191 | D:2      | Reached XP level 3. HP: 19/31 MP: 4/4
  1431 | D:2      | Found a radiant altar of Vehumet.
  1523 | D:2      | Reached XP level 4. HP: 18/38 MP: 5/5
  1795 | D:2      | Found a blossoming altar of Fedhas.
  2375 | D:3      | Reached XP level 5. HP: 32/45 MP: 7/7
  2623 | D:3      | Reached ** piety under Lugonu
  2987 | D:3      | Found a basalt altar of Yredelemnul.
  3001 | D:3      | Reached skill level 1 in Dodging
  3083 | D:3      | Reached XP level 6. HP: 51/52 MP: 8/8
  3472 | D:3      | Found a runed translucent door.
  3473 | D:3      | Noticed Tutankhamun's ghost (amateur BaFi)
  3616 | D:3      | Killed Tutankhamun's ghost
  3616 | D:3      | Reached skill level 3 in Axes
  3997 | D:4      | Noticed Dowan
  4000 | D:4      | Noticed Duvessa
  4120 | D:4      | Killed Duvessa
  4120 | D:4      | Reached XP level 7. HP: 21/59 MP: 9/9
  4125 | D:4      | Killed Dowan
  4431 | D:3      | Found a stormy altar of Qazlal.
  4481 | D:4      | Found a sacrificial altar of Ru.
  4894 | D:5      | Entered Level 5 of the Dungeon
  5818 | D:5      | Found a transporter.
  5823 | D:5      | Identified the +11 trident "Ohups" {venom, Str+4 Int+2
                  | Dex+3}
  5867 | D:5      | Reached *** piety under Lugonu
  5867 | D:5      | Reached XP level 8. HP: 63/67 MP: 11/11
  5884 | D:5      | Found a transporter.
  6085 | D:5      | Noticed brittlin's ghost (novice HaWr)
  6468 | D:6      | Reached skill level 4 in Axes
  6611 | D:6      | Found a sand-covered staircase.
  6616 | Ossuary  | Entered an ossuary
  7027 | Ossuary  | Reached **** piety under Lugonu
  7157 | Ossuary  | Reached skill level 5 in Axes
  7340 | Ossuary  | Reached skill level 5 in Fighting
  7597 | Ossuary  | Reached skill level 5 in Invocations
  8029 | D:6      | Reached XP level 9. HP: 74/74 MP: 12/12
  8106 | D:6      | Found a blossoming altar of Fedhas.
  8116 | D:6      | Reached skill level 6 in Axes
  8291 | D:6      | Found a staircase to the Ecumenical Temple.
  8514 | D:6      | Reached skill level 5 in Armour
  9444 | D:7      | Found Meicryasi's Antique Weapon Emporium.
  9806 | D:7      | Gained mutation: Scrolls take you a little longer to read.
                  | [potion of mutation]
  9806 | D:7      | Gained mutation: Your spells are a little harder to cast,
                  | but a little more powerful. [potion of mutation]
  9806 | D:7      | Gained mutation: You possess an exceptional clarity of
                  | mind. [potion of mutation]
  9807 | D:7      | Lost mutation: You possess an exceptional clarity of mind.
                  | [potion of mutation]
  9807 | D:7      | Lost mutation: Your spells are a little harder to cast, but
                  | a little more powerful. [potion of mutation]
  9807 | D:7      | Lost mutation: Scrolls take you a little longer to read.
                  | [potion of mutation]
  9807 | D:7      | Gained mutation: Your flesh is heat resistant. (rF+)
                  | [potion of mutation]
  9807 | D:7      | Gained mutation: You have a pair of small horns on your
                  | head. [potion of mutation]
  9807 | D:7      | Gained mutation: You are robust. (+10% HP) [potion of
                  | mutation]
  9823 | D:8      | Noticed a two-headed ogre
  9864 | D:7      | Mangled by a two-headed ogre

Skill      XL: |  1  2  3  4  5  6  7  8  9 |
---------------+----------------------------+-----
Axes           | 2 3 5 6 |  6.4
Shields        | 1 2 3 |  3.7
Armour         | 2 3 4 5 |  5.1
Invocations    | 3 4 5 |  5.4
Dodging        | 1 |  1.9
Fighting       | 4 5 |  5.1
Evocations     | |  0.5

Action                   |  1- 3 |  4- 6 |  7- 9 || total
-------------------------+-------+-------+-------++-------
Melee: Hand axe          |    71 |   213 |   461 ||   745
       Kick              |     5 |    39 |   122 ||   166
       Headbutt          |       |       |     1 ||     1
Throw: Tomahawk          |       |       |     9 ||     9
Invok: Depart the Abyss  |     1 |       |       ||     1
       Bend Space        |       |       |     1 ||     1
Evoke: Wand              |       |       |    12 ||    12
  Use: Potion            |     1 |     5 |     7 ||    13
       Scroll            |     5 |     5 |    16 ||    26
 Stab: Paralysed         |       |       |     1 ||     1
  Eat: Chunk             |     1 |     4 |     8 ||    13
       Ration            |       |     1 |     2 ||     3
Armor: Scale mail        |    42 |   101 |   143 ||   286
       Skin              |       |     6 |    12 ||    18
Dodge: Dodged            |    17 |    75 |   143 ||   235
Block: Buckler           |    13 |    45 |   152 ||   210
